 Dungeon Crawl Stone Soup version 0.28.0 (webtiles) character file.

Game seed: 11653262582373043677

2218 tizbic2 the Grave Robber (level 9, 0/68 HPs)
             Began as a Deep Dwarf Necromancer on Feb 7, 2022.
             Was a Follower of Vehumet.
             Killed from afar by a steam dragon (5 damage)
             ... with a ball of steam
             ... on level 7 of the Dungeon.
             The game lasted 00:45:35 (6319 turns).

tizbic2 the Grave Robber (Deep Dwarf Necromancer)   Turns: 6319, Time: 00:45:35

Health: 0/68       AC:  8    Str: 17    XL:     9   Next: 13%
Magic:  6/15       EV: 11    Int: 15    God:    Vehumet [*.....]
Gold:   39         SH:  0    Dex: 13    Spells: 11/18 levels left

rFire   . . .      SeeInvis .   w - +3 mace (protect)
rCold   . . .      Faith    .   (no shield)
rNeg    . . .      Spirit   .   i - +0 ring mail
rPois   .          Reflect  .   m - +0 helmet
rElec   .          Harm     .   (no cloak)
rCorr   .          Rampage  .   f - +0 pair of gloves
Will    +....                   r - +0 pair of boots
Stlth   +.........              (no amulet)
HPRegen 0.00/turn               (no ring)
MPRegen 0.14/turn               (no ring)

@: no status effects
A: damage resistance, heal wounds, sense surroundings 2, no regeneration
a: Heal Wounds, Renounce Religion


You were on level 7 of the Dungeon.
You worshipped Vehumet.
Vehumet was aware of your devotion.
You visited 1 branch of the dungeon, and saw 7 of its levels.

You collected 351 gold pieces.
You spent 312 gold pieces at shops.

Inventory:

Hand Weapons
 d - a +2 lajatang
 o - a +2 whip of draining
 u - a +2 dagger of holy wrath
 w - a +3 mace of protection (weapon)
Missiles
 a - 95 stones (quivered)
 j - 4 throwing nets
 l - 4 boomerangs
 v - 6 curare-tipped darts
Armour
 f - a +0 pair of gloves (worn)
 i - a +0 ring mail (worn)
 m - a +0 helmet (worn)
 r - a +0 pair of boots (worn)
Jewellery
 s - an amulet of guardian spirit
Wands
 k - a wand of flame (19)
 t - a wand of acid (5)
 x - a wand of iceblast (14)
 y - a wand of polymorph (6)
Scrolls
 b - a scroll of identify
 c - a scroll of fear
 h - 3 scrolls of fog
 q - 2 scrolls of teleportation
Potions
 e - a potion of attraction {unknown}
 g - 3 potions of flight
 n - a potion of brilliance {unknown}
 p - a potion of heal wounds


   Skills:
 - Level 6.4(6.8) Maces & Flails
 * Level 3.0(4.8) Staves
 - Level 2.1 Dodging
 - Level 2.4 Stealth
 + Level 5.3 Spellcasting
 * Level 3.0 Conjurations
 - Level 6.6 Necromancy
 - Level 3.9 Transmutations


You had 11 spell levels left.
You knew the following spells:

 Your Spells              Type           Power      Damage    Failure   Level
a - Pain                  Necr           92%        1d8       1%          1
b - Vampiric Draining     Necr           23%        2d7       6%          3
d - Wereblood             Tmut           16%        N/A       9%          2
e - Magic Dart            Conj           52%        1d5       9%          1

Your spell library contained the following spells:

 Spells                   Type           Power      Damage    Failure   Level
 Animate Skeleton         Necr           46%        N/A       1%          1
 Sublimation of Blood     Necr           23%        N/A       3%          2
 Animate Dead             Necr           11%        N/A       19%         4
 Blink                    Tloc           8%         N/A       41%         2
 Stone Arrow              Conj/Erth      16%        3d8       43%         3
 Ignite Poison            Fire/Tmut/Pois 8%         N/A       45%         3
 Agony                    Necr           23%        N/A       47%         5
 Mephitic Cloud           Conj/Pois/Air  7%         N/A       50%         3
 Lesser Beckoning         Tloc           4%         N/A       65%         3
 Animate Armour           Summ/Erth      8%         N/A       96%         4
 Leda's Liquefaction      Hex/Erth       2%         N/A       96%         4
 Summon Lightning Spire   Summ/Air       4%         N/A       96%         4
 Freezing Cloud           Conj/Ice/Air   3%         6-21      99%         5
 Lee's Rapid Deconstruct  Erth           2%         3d5*      100%        5
 Manifold Assault         Tloc           4%         N/A       100%        5
 Statue Form              Tmut/Erth      6%         N/A       100%        6
 Storm Form               Tmut/Air       5%         N/A       100%        7
 Summon Hydra             Summ           2%         N/A       100%        7
 Lehudib's Crystal Spear  Conj/Erth      4%         10d3      100%        8
 Maxwell's Capacitive Co  Air            2%         ∞         100%        8


Dungeon Overview and Level Annotations

Branches:
Dungeon (7/15)             Temple (0/1) D:7

Altars:
Dithmenos
Nemelex Xobeh
Trog
Vehumet

Shops:
D:3 !?   D:4 ?


Innate Abilities, Weirdness & Mutations

You are resistant to damage.
You can heal yourself by infusing magical energy.
You passively map the area around you.
You do not regenerate.


Message History

Casting: Magic Dart (safe; 9% risk of failure)
Confirm with . or Enter, or press ? or * to list all spells.
Aiming: Vampiric Draining (dangerous; 6% risk of failure)
Press: ? - help, Shift-Dir - straight line, f - steam dragon
Aim: a steam dragon You draw life force from the steam dragon.
You feel life coursing into your body.
The steam dragon bites you but does no damage.
The steam dragon claws you but does no damage.
Casting: Vampiric Draining (dangerous; 6% risk of failure)
Confirm with . or Enter, or press ? or * to list all spells.
Aiming: Vampiric Draining (dangerous; 6% risk of failure)
Press: ? - help, Shift-Dir - straight line, f/p - steam dragon
Aim: a steam dragon (lightly wounded)
You draw life force from the steam dragon!
You feel life coursing into your body. The steam dragon barely misses you.
The steam dragon claws you.
You barely miss the steam dragon.
The steam dragon is heavily wounded.
The steam dragon closely misses you.
The steam dragon claws you but does no damage.
You barely miss the steam dragon.
The steam dragon is heavily wounded.
The steam dragon breathes steam at you. The ball of steam hits you!!
* * * LOW HITPOINT WARNING * * *
Casting: Vampiric Draining (dangerous; 6% risk of failure)
Confirm with . or Enter, or press ? or * to list all spells.
Aiming: Vampiric Draining (dangerous; 6% risk of failure)
Press: ? - help, Shift-Dir - straight line, f/p - steam dragon
Aim: a steam dragon (heavily wounded, catching its breath)
You draw life force from the steam dragon!
You feel life coursing into your body.
You are engulfed in a cloud of scalding steam.
* * * LOW HITPOINT WARNING * * *
The steam dragon barely misses you.
The steam dragon claws you but does no damage.
The steam dragon breathes steam at you. The ball of steam hits you!
You die...

.....##..#.# ***,,*
*******#.## ......##.#.###
**,## *,,,,,,..#*
......##.....# *,.#
*,*****###. ####..###..#.##
**.####.* *..
#..##..##..##*#.#...,* *..
##.##>####..##....#***** *..
#.....####§#....#,,,,,*****..
#.##.....§§§D...#...,,,,,,,..
#.##.######.@.....$.,,,****..
##.#..# #..##.....,,** *#.
##....#* *#.##**....,,* ##
##....######*..# *,,##*** #
#..##.#.......## **,,* *
##.###.........,* *,,** #
.....##.......#,* *,,,*
*****##
.)...#........*,******,,*
#..,,.. .......#####***,,,,*
****##..##..


You could see a steam dragon (catching breath).

Vanquished Creatures
  Joseph (D:7)
  A water moccasin (D:6)
  2 orc warriors
  2 sky beasts
  2 black bears (D:6)
  An ice beast (D:6)
  3 ogres
  A centaur (D:7)
  2 scorpions (D:5)
  A water moccasin skeleton (D:5)
  A howler monkey (D:4)
  A bullfrog zombie (D:6)
  4 hounds
  A gnoll shaman (D:7)
  An orc priest (D:6)
  2 centaur skeletons
  An iguana (D:5)
  2 orc wizards
  A killer bee zombie (D:7)
  11 gnolls
  6 adders
  A white imp (D:7)
  An ufetubus (D:6)
  An adder skeleton (D:3)
  A worm (D:3)
  A dart slug (D:2)
  17 orcs
  8 endoplasms
  4 giant cockroaches
  6 goblins
  5 hobgoblins
  4 quokkas
  4 ball pythons
  6 bats
  A frilled lizard (D:3)
  7 kobolds
  5 rats
119 creatures vanquished.

Vanquished Creatures (others)
  2 fungi (D:2)
  7 plants
9 creatures vanquished.

Grand Total: 128 creatures vanquished

Notes
Turn   | Place    | Note
-------+----------+-------------------------------------------
     0 | D:1      | tizbic2 the Deep Dwarf Necromancer began the quest for the
                  | Orb.
     0 | D:1      | Reached XP level 1. HP: 15/15 MP: 3/3
     6 | D:1      | Noticed an imperial myrmidon
     6 | D:1      | Noticed an iguana
     7 | D:1      | Noticed a centaur
   218 | D:1      | Reached XP level 2. HP: 10/22 MP: 0/5
   653 | D:1      | Reached skill level 5 in Necromancy
  1022 | D:2      | Found a faded altar of an unknown god.
  1088 | D:2      | Reached XP level 3. HP: 27/28 MP: 2/5
  1105 | D:2      | Learned a level 3 spell: Vampiric Draining
  1459 | D:3      | Found Raysoac's Distillery.
  1511 | D:3      | Reached XP level 4. HP: 19/36 MP: 2/6
  1707 | D:3      | Found a sparkling altar of Nemelex Xobeh.
  2383 | D:3      | Found a radiant altar of Vehumet.
  2474 | D:3      | Reached XP level 5. HP: 42/42 MP: 3/7
  2577 | D:3      | Found Hirphet's Magic Scroll Boutique.
  2597 | D:3      | Bought a scroll of enchant weapon for 97 gold pieces
  2881 | D:4      | Found Notaixuz's Magic Scroll Emporium.
  2884 | D:4      | Bought a scroll of enchant weapon for 75 gold pieces
  3154 | D:3      | Became a worshipper of Vehumet
  3158 | D:3      | Learned a level 2 spell: Sublimation of Blood
  3180 | D:5      | Entered Level 5 of the Dungeon
  3245 | D:5      | Reached skill level 1 in Maces & Flails
  3274 | D:5      | Noticed an ogre
  3285 | D:5      | Killed an ogre
  3286 | D:5      | Reached skill level 1 in Transmutations
  3286 | D:5      | Reached XP level 6. HP: 38/49 MP: 1/9
  3607 | D:5      | Found a shadowy altar of Dithmenos.
  3805 | D:5      | Reached XP level 7. HP: 45/55 MP: 3/10
  4050 | D:4      | Bought a scroll of enchant weapon for 75 gold pieces
  4496 | D:6      | Reached skill level 5 in Maces & Flails
  4530 | D:6      | Reached XP level 8. HP: 22/62 MP: 9/12
  4547 | D:6      | HP: 3/62 [poisoned by an orc wizard]
  4821 | D:6      | Learned a level 2 spell: Wereblood
  4905 | D:6      | Found a bloodstained altar of Trog.
  4928 | D:6      | HP: 2/62 [ogre (9)]
  5305 | D:7      | Reached * piety under Vehumet
  5305 | D:7      | Offered knowledge of Magic Dart by Vehumet.
  5463 | D:3      | Bought a potion of heal wounds for 65 gold pieces
  5485 | D:4      | Learned a level 1 spell: Magic Dart
  5640 | D:7      | Reached skill level 1 in Staves
  5640 | D:7      | Reached skill level 5 in Spellcasting
  5640 | D:7      | Reached skill level 1 in Conjurations
  5700 | D:7      | Noticed Joseph
  5748 | D:7      | Killed Joseph
  5749 | D:7      | Gained mutation: You passively map the area around you.
                  | [Deep Dwarf growth]
  5749 | D:7      | Reached XP level 9. HP: 13/68 MP: 0/14
  5892 | D:7      | Found a staircase to the Ecumenical Temple.
  6319 | D:7      | Killed from afar by a steam dragon

Illustrated notes

Levels and vault maps discovered:
D:1:      onia_arrival_zoo_common, layout_basic, serial_bayou_lake_a
D:2:      layout_rooms, shapermc_ecumenical_altar_ellora
D:3:      layout_basic, nicolae_overflow_hidden_temple, lemuel_tele_altar,
          serial_shops, shop_coins, shop
D:4:      layout_cave_pools, serial_shops, nicolae_shop_behind_doors,
          minmay_cupped
D:5:      layout_basic, grunt_dithmenos_smoke
D:6:      layout_cave_pools, trog_ov_bears_minmay
D:7:      layout_rooms, minmay_temple_entry_ruins, uniq_joseph

Skill      XL: |  1  2  3  4  5  6  7  8  9 |
---------------+----------------------------+-----
Spellcasting   | 2 3 4 5 |  5.3
Necromancy     | 5 6 |  6.6
Maces & Flails | 2 3 5 6 |  6.4
Transmutations | 1 2 3 |  3.9
Staves         | 2 3 |  3.0
Conjurations   | 2 3 |  3.0
Dodging        | |  2.1
Stealth        | |  2.4

Action                   |  1- 3 |  4- 6 |  7- 9 || total
-------------------------+-------+-------+-------++-------
Melee: Unarmed           |    27 |       |       ||    27
       Spear             |    35 |       |       ||    35
       Club              |     2 |       |       ||     2
       Short sword       |    32 |    64 |    11 ||   107
       Punch             |     2 |     1 |       ||     3
       Mace              |       |    83 |    84 ||   167
       Lajatang          |       |       |    15 ||    15
       Dagger            |       |       |    10 ||    10
Throw: Stone             |    13 |    42 |    43 ||    98
       Boomerang         |       |     1 |       ||     1
 Cast: Pain              |    30 |    10 |     8 ||    48
       Vampiric Draining |     5 |    30 |    53 ||    88
       Sublimation of Bl |       |     1 |     1 ||     2
       Magic Dart        |       |       |     3 ||     3
 Abil: Heal Wounds       |     1 |     1 |     3 ||     5
  Use: Scroll            |     1 |     4 |    12 ||    17
       Potion            |       |     2 |     5 ||     7
 Stab: Sleeping          |     5 |       |     1 ||     6
Armor: Robe              |     4 |       |       ||     4
       Leather armour    |     8 |       |       ||     8
       Ring mail         |     2 |    86 |    91 ||   179
       Skin              |       |     6 |     1 ||     7
Dodge: Dodged            |    40 |    88 |    90 ||   218
